[Event "Late-Titled-Tuesday-Blitz-February-20-2024"]
[Site "Chess.com"]
[Date "2024.02.20"]
[Round "3"]
[White "azikom"]
[Black "WPWPWP-2015"]
[Result "1-0"]
[WhiteElo "2654"]
[BlackElo "2443"]
[TimeControl "180+1"]
[EndTime "14:28:05 PST"]
[Termination "azikom won on time"]

1. c4 e5 2. e3 Nf6 3. a3 Be7 4.
b4 O-O 5. Bb2 d6 6. Nc3 a5 7. b5 c6 8. Nf3 Bg4 9. h3 Bh5 10. Be2 Nbd7 11. O-O Re8 12. d3 d5 13. bxc6 bxc6 14. cxd5 cxd5 15. Nb5 Bf8 16. a4 e4 17.
dxe4 dxe4 18. Nfd4 Bxe2 19. Qxe2 Ne5 20. Rfd1 Qb6 21.
Rac1 Rac8 22. Rxc8 Rxc8 23. Nf5 Nd3 24. Bd4 Qe6 25.
Ng3 Ne5 26. Ba1 Bb4 27. Nd4 Qe8 28. Ndf5 h6 29. Qa6 Ra8 30. Qb7 Rb8 31. Qc7 Ned7 32. Nxg7 Kxg7 33. Nh5+ Kg6 34. Nxf6 Nxf6 35. Qg3+ Kh7 36.
Bxf6 Qg8 37. Qf4 Re8 38. Rd7 Qg6 39. Bd4 Kg8 40. g3 Bf8 41. Ra7 Bg7 42. Bxg7 Qxg7 43. Rxa5 Qc3 44. Rf5 Qa1+ 45. Kg2 Qg7 46. Rf6 Kh7 47. Rf5 Kg8 48. a5 Ra8 49. Re5 Qg6 50.
Rf5 Re8 51. h4 Qe6 52. Rf6 Qe5 53. Rxh6 1-0

[Event "Late-Titled-Tuesday-Blitz-February-20-2024"]
[Site "Chess.com"]
[Date "2024.02.20"]
[Round "3"]
[White "FREZZY23"]
[Black "SocoLoco"]
[Result "1-0"]
[WhiteElo "2421"]
[BlackElo "2192"]
[TimeControl "180+1"]
[EndTime "14:28:06 PST"]
[Termination "FREZZY23 won on time"]

1. c4 e5 2. Nc3 Nf6 3. g3 d6 4. Bg2 Be7 5. Nf3 Nc6 6. O-O O-O 7. d4 exd4 8. Nxd4 Bd7 9. Nd5 Re8 10. Nxe7+ Qxe7 11. Bg5 h6 12. Bxf6 Qxf6 13. Nb5 Rac8 14. Nc3 Qd4 15. Qxd4 Nxd4 16. e3 Ne6 17. b3 Bc6 18.
Bxc6 bxc6 19. Na4 Kf8 20. Rfd1 Ke7 21. c5 d5 22. Rac1 f5 23. Nc3 g5 24. Ne2 Kf6 25.
Nd4 Nxd4 26. Rxd4 Ra8 27. Rb4 a5 28. Rb7 Re7 29. Rd1 a4 30. b4 a3 31. b5 cxb5 32. Rxd5 c6 33. Rd6+ Re6 34. Rh7 Rxd6 35. Rxh6+ Ke5 36.
Rxd6 b4 37. Rd3 Rb8 38. Kg2 b3 39. axb3 a2 40. Rd1 Rxb3 41. Ra1 Ra3 42. f4+ gxf4 43. exf4+ Kd5 44. h4 Kxc5 45. h5 Kb4 46. h6 Kb3 47. h7 Ra8 48. Rh1 Rh8 49. g4 Kb2 50. g5 a1=Q 51.
Rxa1 Kxa1 52. g6 c5 53. g7 Rxh7 54. g8=Q Rb7 55. Qh8+ Rb2+ 56. Kg3 c4 57. Qc3 Ka2 58. Qxc4+ Rb3+ 59. Kh4 Ka3 60. Qc5+ Rb4 61. Kg5 Ka4 62. Kxf5 Rb5 63. Qxb5+ Kxb5 64. Ke6 1-0

[Event "Late-Titled-Tuesday-Blitz-February-20-2024"]
[Site "Chess.com"]
[Date "2024.02.20"]
[Round "3"]
[White "delqate"]
[Black "Yushko_Olga"]
[Result "1-0"]
[WhiteElo "2522"]
[BlackElo "2204"]
[TimeControl "180+1"]
[EndTime "14:28:10 PST"]
[Termination "delqate won by resignation"]

1. e4 e6 2. d3 d5 3. Nd2 Nf6 4. Ngf3 Be7 5. g3 O-O 6. Bg2 c5 7. O-O Nc6 8. e5 Nd7 9. Re1 Qc7 10. Qe2 b5 11. Nf1 Bb7 12. Bf4 d4 13. h4 Nb4 14.
Bg5 Nb6 15. N1h2 Rad8 16. Bxe7 Qxe7 17. h5 h6 18. Ng4 c4 19. a3 Nc6 20. Nd2 c3 21.
Ne4 cxb2 22. Nef6+ Kh8 23. Qe4 g6 24. hxg6 fxg6 25.
Rab1 Qg7 26. Rxb2 Na4 27. Rxb5 Nc3 28. Rxb7 Nxe4 29. Rxg7 Nxf6 30. exf6 Rxf6 31. Nxf6 Kxg7 32. Bxc6 Kxf6 33. Ba4 Rd6 34. Bb3 Ra6 35. a4 e5 36.
Kg2 Rb6 37. Kf3 Kf5 38. g4+ Kf6 39. Ke4 Rb8 40. Rh1 Rh8 41. f4 exf4 42. Kxf4 h5 43.
gxh5 gxh5 44. Ke4 h4 45. Kxd4 h3 46. Bd5 Rh4+ 47. Be4 Rh8 48. Rh2 Kg5 49. c4 Kf4 50. c5 Rd8+ 51. Kc4 Kg3 52. Rh1 Re8 53. c6 Re7 54. Kc5 Rf7 55. Kd6 Rf6+ 56. Ke7 Rf2 57. c7 Rc2 58. Kd7 h2 59. c8=Q Rf2 60. Qg8+ Kf4 61. Qf7+ Ke3 62. Qxf2+ 1-0

[Event "Late-Titled-Tuesday-Blitz-February-20-2024"]
[Site "Chess.com"]
[Date "2024.02.20"]
[Round "3"]
[White "PNEPaul"]
[Black "carloseduar100"]
[Result "0-1"]
[WhiteElo "1984"]
[BlackElo "2357"]
[TimeControl "180+1"]
[EndTime "14:28:10 PST"]
[Termination "carloseduar100 won on time"]

1. e4 e6 2. d4 d5 3. e5 c5 4. Qg4 Nc6 5. Nf3 cxd4 6. Bd3 Qb6 7. O-O Bd7 8. a3 Nge7 9. Qg3 Ng6 10. c3 dxc3 11.
Nxc3 a6 12. Re1 Rc8 13. h4 Na5 14. h5 Ne7 15. Nd2 Nb3 16. Nxb3 Qxb3 17. Ne2 h6 18. Nd4 Qb6 19. Be3 Qxb2 20. Reb1 Qc3 21. Bf1 Nf5 22. Nxf5 exf5 23. Rc1 Qa5 24. Rxc8+ Bxc8 25. e6 Bxe6 26. Qb8+ Qd8 27. Qxb7 Be7 28. Bb6 Qc8 29.
Qa7 O-O 30. Qxe7 d4 31. Qc5 Qb7 32. Qxd4 Re8 33. a4 f4 34. a5 f3 35. gxf3 Qxf3 36.
Bg2 Qxh5 37. Qd1 Bg4 38. Qd3 Be2 39. Qg3 Qe5 40. Qxe5 Rxe5 41. Be3 Bb5 42. Re1 g5 43. Bd2 Rd5 44. Be3 Rd3 45. Bb6 Rb3 46. Kh2 Kg7 47.
Rd1 Rb4 48. Rd4 Rxd4 49. Bxd4+ Kg6 50. Bb6 f5 51. Bd5 g4 52. f3 h5 53. fxg4 hxg4 54.
Kg3 Kg5 55. Be3+ Kf6 56. Bf4 Kg6 57. Bc7 Bd3 58. Bf4 Kh5 59. Bc7 Kg6 60. Bf4 Kf6 61.
Bc7 Ke7 62. Bf4 Kd7 63. Bg5 Kd6 0-1

[Event "Late-Titled-Tuesday-Blitz-February-20-2024"]
[Site "Chess.com"]
[Date "2024.02.20"]
[Round "3"]
[White "dretch"]
[Black "SouS007"]
[Result "0-1"]
[WhiteElo "2873"]
[BlackElo "2497"]
[TimeControl "180+1"]
[EndTime "14:28:17 PST"]
[Termination "SouS007 won by resignation"]

1. d4 Nf6 2. c4 e6 3. Nf3 d5 4. Nc3 Be7 5. Bf4 O-O 6. e3 c5 7.
dxc5 Bxc5 8. a3 Nc6 9. Qc2 Qa5 10.
Nd2 Be7 11. Rd1 e5 12. Bg5 d4 13. Nb3 Qd8 14. Bd3 h6 15. Bxf6 Bxf6 16. Nd5 Be6 17.
Be4 Rc8 18. Nc5 Bxd5 19. Bxd5 Qa5+ 20. b4 Nxb4 21. axb4 Qxb4+ 22. Rd2 Qxc5 23. exd4 exd4 24. O-O b5 25. Re1 bxc4 26. Qf5 d3 27. Rdd1 Rfe8 28. Rxe8+ Rxe8 29. Bxf7+ Kxf7 30. Qxc5 c3 31. Qc4+ Kf8 32. Qxd3 a5 33. g3 a4 34. Qd6+ Kg8 35. Qd7 Re7 36. Qxa4 Rc7 37. Re1 c2 38. Rc1 Bg5 39. Rxc2 Re7 40.
Rc8+ Kh7 41. Qe4+ Rxe4 42. Kg2 Bf6 43. Kf3 Re7 44. h4 Rf7 45. Kg4 Be5 46. f4 Bf6 47. h5 Ra7 48. Rb8 Ra3 49. Rc8 Rd3 50. Ra8 Rd8 51. Rxd8 Bxd8 52. Kf5 Kg8 53. Kg6 Bc7 54. Kf5 Kf7 55. g4 Ba5 56. g5 hxg5 57. fxg5 Bd2 58. h6 g6+ 59. Kg4 Ke6 60. Kh4 Kf5 61. h7 Bxg5+ 62.
Kg3 Bf6 63. Kf3 Bh8 64. Kg3 g5 65. Kf3 Kg6 66. Kg4 Bf6 67. Kf3 Kxh7 68. Kg4 Kg6 69. Kf3 Kf5 70. Kg3 g4 0-1

[Event "Late-Titled-Tuesday-Blitz-February-20-2024"]
[Site "Chess.com"]
[Date "2024.02.20"]
[Round "3"]
[White "rcmz"]
[Black "sakkikuska"]
[Result "0-1"]
[WhiteElo "2184"]
[BlackElo "2519"]
[TimeControl "180+1"]
[EndTime "14:28:17 PST"]
[Termination "sakkikuska won on time"]

1. b4 Nf6 2. Bb2 e6 3. a3 d5 4. e3 Be7 5. f4 b6 6. Nf3 Bb7 7. Be2 c5 8. b5 Nbd7 9. c4 O-O 10. O-O Ne4 11. d3 Nd6 12. Qc2 Bf6 13. Ne5 Nf5 14. Qc1 Nxe5 15. Bxe5 Bxe5 16. fxe5 dxc4 17. dxc4 Qg5 18.
Bf3 Bxf3 19. Rxf3 Rad8 20. Nc3 Nh4 21. Rg3 Qxe5 22. Ne2 Nf5 23. Rf3 Rd3 24. Ng3 Nxg3 25.
Rxg3 Rfd8 26. Qe1 Qc3 27. Qxc3 Rxc3 28. a4 Rxc4 29. a5 Rb4 30. axb6 axb6 31. Ra7 Rxb5 32. Rf3 f5 33. e4 Rb1+ 34. Kf2 Rb2+ 35. Kg3 g6 36. exf5 exf5 37. Re3 f4+ 38. Kxf4 Rf2+ 39.
Kg3 Rf7 40. Ra6 Rd6 41. Ra8+ Kg7 42. Rb3 Rfd7 43. h3 Rd3+ 44. Rxd3 Rxd3+ 45. Kf4 c4 46. g4 Rxh3 47. g5 Kf7 48. Ke5 Re3+ 49. Kd4 Rg3 50. Ra7+ Ke6 51. Rxh7 Rxg5 52. Kxc4 Rg4+ 53. Kb5 Rd4 54.
Kxb6 g5 55. Kc5 Rd1 56. Rg7 Kf5 57. Kc4 g4 58. Kc3 Kf4 59. Kc2 Rd8 60. Kc1 g3 61.
Kc2 Kf3 62. Rf7+ Ke2 63. Re7+ Kf2 64. Rf7+ Kg1 65. Rg7 g2 0-1

[Event "Late-Titled-Tuesday-Blitz-February-20-2024"]
[Site "Chess.com"]
[Date "2024.02.20"]
[Round "3"]
[White "Horokoskii"]
[Black "NLLO777"]
[Result "0-1"]
[WhiteElo "2116"]
[BlackElo "2509"]
[TimeControl "180+1"]
[EndTime "14:28:18 PST"]
[Termination "NLLO777 won by resignation"]

1. e4 g6 2. d4 Bg7 3. Nc3 c6 4. Nf3 d5 5. e5 h5 6. h3 Nh6 7. Bd3 Bf5 8. Bg5 Bxd3 9. Qxd3 Nf5 10. O-O-O h4 11. Rhe1 Qc8 12. e6 fxe6 13. Bf4 Nd7 14. Ne5 Nf8 15. Qf3 Bxe5 16. Bxe5 Rh7 17. Ne2 Qd8 18. Nf4 Qa5 19. Kb1 c5 20. dxc5 Qxc5 21. Rd3 Qa5 22. Re2 Rc8 23. Rc3 Rxc3 24. Qxc3 Qxc3 25.
Bxc3 g5 26. Nxe6 Nxe6 27. Rxe6 Rf7 28. f3 Kd7 29. Re1 b6 30. a3 a5 31. Re5 Kd6 32.
b4 d4 33. Bxd4 Nxd4 34. Rxg5 axb4 35. axb4 e5 36. Rh5 Rf4 37. Rh6+ Ne6 38. Kc1 Rxb4 39. Kd2 b5 40. c3 Rc4 41. Kd3 Kd5 42. Rh8 Nf4+ 43.
Kd2 Nxg2 44. Rg8 Nf4 45. Rg4 Ne6 46. Rg6 b4 47. cxb4 Rxb4 48. Rg8 Rb3 49. Rh8 Rxf3 50. Rxh4 Nf4 51. Rh8 Rxh3 52. Rd8+ Ke4 53. Ke1 Rh2 54. Ra8 Ke3 55. Ra3+ Nd3+ 56. Kf1 e4 57. Kg1 Re2 58. Ra1 Nb2 59. Ra3+ Kd2 60. Rh3 e3 61. Rh5 Nd3 62. Rd5 Rf2 63. Rd6 Rf4 64. Re6 e2 65. Kg2 e1=Q 0-1

[Event "Late-Titled-Tuesday-Blitz-February-20-2024"]
[Site "Chess.com"]
[Date "2024.02.20"]
[Round "3"]
[White "larsmandreassen"]
[Black "davigator"]
[Result "1/2-1/2"]
[WhiteElo "2186"]
[BlackElo "2386"]
[TimeControl "180+1"]
[EndTime "14:28:18 PST"]
[Termination "Game drawn - insufficient material"]

1. d4 Nf6 2. Nf3 e6 3. Bg5 c5 4. e3 Qb6 5. Bxf6 gxf6 6. b3 d5 7. Be2 Bd7 8. O-O Nc6 9. c4 cxd4 10. cxd5 exd5 11. Nxd4 Nxd4 12. Qxd4 Qxd4 13. exd4 Bd6 14. Bf3 Be6 15. Nc3 Rc8 16. Nxd5 Bxd5 17. Bxd5 b6 18. Rfe1+ Kf8 19. Rac1 Kg7 20. g3 Rhd8 21. Rxc8 Rxc8 22. Re2 Rd8 23. Be4 Ba3 24. d5 f5 25. Bf3 Kf6 26. Rc2 Bd6 27. Rc6 Ke5 28. Kg2 f4 29. Rc2 h6 30. Re2+ Kf6 31. Bg4 Rg8 32. Bf3 Rc8 33. Be4 Rg8 34. Rc2 Re8 35. Kf3 fxg3 36. hxg3 Ke5 37. Re2 Kf6 38. Re1 Rc8 39. Rh1 Kg7 40.
Rh5 Rc3+ 41. Kg2 Rc1 42. Rh4 Ra1 43. a4 Ra3 44. Bc2 Ra2 45. Bd1 Bc5 46. Rf4 Rd2 47. Bf3 Rxf2+ 48. Kh3 Rb2 49. Bh5 f6 50. Rg4+ Kf8 51.
Rg6 Bd4 52. Rxh6 Rxb3 53. Rh7 Be5 54. Rxa7 Rxg3+ 55. Kh4 Rd3 56. Bf7 Bb8 57. Rb7 Rd4+ 58. Kh5 Be5 59. Kg6 Rg4+ 60. Kf5 Rxa4 61. Ke6 Ra8 62. Bg6 Rd8 63. Rxb6 Kg7 64. Bf5 Re8+ 65.
Kd7 Ra8 66. Be6 Kg6 67. Rb1 Kg5 68. Rg1+ Kf4 69. Rf1+ Ke4 70. Kc6 Ra6+ 71. Kb5 Ra3 72.
Re1+ Kf4 73. Rd1 Rb3+ 74. Kc4 Rc3+ 75. Kb4 Rc2 76. d6 Bxd6+ 77. Rxd6 Ke5 78. Ra6 f5 79.
Bd7 f4 80. Kb3 Rc7 81. Bb5 f3 82. Ra1 Ke4 83. Rf1 Ke3 84. Bc4 f2 85. Kc3 Rg7 86. Rd1 Rg1 87. Rd3+ Kf4 88. Rd4+ Ke3 89. Rd7 f1=Q 90. Re7+ Kf2 91. Rf7+ Ke1 92. Bxf1 Rxf1 93. Rxf1+ Kxf1 1/2-1/2

[Event "Late-Titled-Tuesday-Blitz-February-20-2024"]
[Site "Chess.com"]
[Date "2024.02.20"]
[Round "3"]
[White "Zavgorodniy_Sergiy"]
[Black "NikoTheodorou"]
[Result "0-1"]
[WhiteElo "2624"]
[BlackElo "3058"]
[TimeControl "180+1"]
[EndTime "14:28:21 PST"]
[Termination "NikoTheodorou won on time"]

1. d4 b6 2. c4 Bb7 3. Nf3 Nf6 4. g3 Bxf3 5. exf3 e6 6. Bg2 Bb4+ 7. Nd2 O-O 8. O-O c6 9. Ne4 d5 10. Nxf6+ Qxf6 11. a3 Be7 12. b3 Rd8 13. Bb2 g6 14. f4 Qg7 15. Qe2 Bf6 16. Rfd1 Nd7 17. Rac1 Rac8 18. Rd2 h5 19. h4 Qf8 20. Rdc2 Rb8 21. cxd5 cxd5 22.
Rc7 a5 23. Qb5 Nc5 24. dxc5 Bxb2 25. Rc2 bxc5 26. Qxc5 Qxc5 27. R2xc5 Rxb3 28. Rxa5 Bd4 29. Ra4 Bb6 30. Rc2 Rb8 31. Kh2 Kg7 32. Bf1 Bd8 33.
Kg2 Be7 34. Ra2 Bc5 35. Ra5 Bd4 36. Ra4 Bb6 37. Rb4 Ba5 38. Rxb8 Rxb8 39. a4 Rb3 40.
Bb5 d4 41. Ra1 d3 42. Rd1 d2 43. Kf1 Rc3 44. Ke2 Rc1 45. Bd3 Kf6 46. Bb5 Ke7 47. Bd3 Rc5 48. Bb5 Rd5 49. Bc4 Rd4 50. Bb5 Re4+ 51. Kd3 Re1 52. Kc2 Kd6 53. Be8 Ke7 54. Bb5 Kf8 55. Bc6 Kg7 56. Bb5 f6 57.
Bc4 Kf7 58. Bd3 f5 59. Bc4 Kf6 60. Bd3 e5 61. fxe5+ Kxe5 62. Bb5 Kf6 63. Bd3 Re7 64. Bb5 Rc7+ 65. Kd3 Rc1 66. Ke2 Rc5 67. Kd3 Rc8 68. Ke2 Rc7 69. Kd3 Ra7 70. Ke2 Ke5 71. Kd3 Re7 72.
Ke3 Kd5+ 73. Kd3 Kc5 74. Kc2 Kd4 75. Bc6 Rc7 0-1

[Event "Late-Titled-Tuesday-Blitz-February-20-2024"]
[Site "Chess.com"]
[Date "2024.02.20"]
[Round "3"]
[White "rezamahdavi2008"]
[Black "DrRiebert"]
[Result "1-0"]
[WhiteElo "2835"]
[BlackElo "2342"]
[TimeControl "180+1"]
[EndTime "14:28:22 PST"]
[Termination "rezamahdavi2008 won by checkmate"]

1. d4 d5 2. Nf3 Nf6 3. c4 c6 4. g3 h6 5. Bg2 Bf5 6. Nbd2 e6 7. O-O Be7 8. b3 O-O 9. Bb2 Nbd7 10.
Re1 b6 11. Ne5 Rc8 12. e4 dxe4 13. Nxe4 Nxe4 14. Bxe4 Bxe4 15. Rxe4 Nf6 16. Re2 Qc7 17. Qc2 Rfd8 18. Rae1 c5 19. d5 exd5 20. cxd5 Nxd5 21.
Nxf7 Kxf7 22. Qc4 Bf6 23. Bxf6 Kxf6 24. Re6+ Kf7 25. R1e5 Qb7 26. Qe4 Kg8 27. h4 Rb8 28. Qc4 Kh8 29. Qc1 Qf7 30. Qc4 Rf8 31. f4 Nf6 32. f5 Rbd8 33. Kg2 Qd7 34. Kh3 Qd1 35. Re1 Qf3 36. Rf1 Qd5 37. Qf4 Nh5 38. Qg4 Nf6 39.
Qf4 Qd4 40. Qf3 Nd5 41. Rfe1 Nf6 42. R1e2 Qd5 43. Qf1 Nh5 44. R6e5 Qd7 45. Rf2 Nf6 46. Rf4 Nd5 47. Rf3 Ne7 48. g4 Rf6 49. g5 Rxf5 50.
Rfxf5 Nxf5 51. Qxf5 Qxf5+ 52. Rxf5 Rd2 53. g6 Kg8 54.
Kg4 Rd4+ 55. Kf3 h5 56. Rxh5 Rd2 57. Rf5 Rxa2 58. Rd5 Kf8 59. Rd7 Ra3 60. Kf4 Rxb3 61. Rf7+ Ke8 62. Rxg7 c4 63. Rc7 c3 64. g7 Rb4+ 65. Kf5 Rb5+ 66. Kf6 Kd8 67. Rxa7 Rc5 68. g8=Q# 1-0

[Event "Late-Titled-Tuesday-Blitz-February-20-2024"]
[Site "Chess.com"]
[Date "2024.02.20"]
[Round "3"]
[White "campochess"]
[Black "dosto07"]
[Result "1/2-1/2"]
[WhiteElo "2168"]
[BlackElo "2502"]
[TimeControl "180+1"]
[EndTime "14:28:25 PST"]
[Termination "Game drawn - insufficient material"]

1. Nf3 d5 2. b3 Nf6 3. Bb2 Bg4 4.
Ne5 Bf5 5. d3 Nbd7 6. Nxd7 Qxd7 7.
Nd2 e6 8. Nf3 Bd6 9. g3 Qe7 10.
a4 h6 11. Bg2 O-O 12. O-O c6 13. Be5 Bg4 14. Bxd6 Qxd6 15. Qd2 a5 16. Rad1 Bxf3 17. Bxf3 Rfd8 18. Qe1 Qc5 19. Rd2 e5 20. e4 dxe4 21. Bxe4 Rd4 22. Bg2 Rad8 23. Re2 Nd7 24. Kh1 Rd6 25.
f4 exf4 26. Rxf4 Nf6 27. Qf2 Qxf2 28. Rfxf2 Kf8 29. h3 Re6 30. Kg1 Ke7 31. Rxe6+ fxe6 32. Re2 Kd6 33. Kf2 Rb8 34. Ke1 b5 35. axb5 cxb5 36. Kd2 a4 37. bxa4 bxa4 38. Re1 h5 39. Ra1 Rb4 40.
Kc3 Kc5 41. Re1 Rb6 42. Re5+ Kd6 43. Ra5 Nd5+ 44. Bxd5 exd5 45. Rxa4 Ke5 46. Ra7 Rg6 47. Re7+ Kf5 48. Kd4 Rxg3 49. Kxd5 g5 50. Rf7+ Kg6 51. Rf2 Rxh3 52. d4 g4 53. c4 g3 54. Rf8 Kg7 55.
Rf5 Kg6 56. Rf8 Kg5 57. c5 Rh1 58. Kc6 h4 59. d5 Kg4 60. d6 Rd1 61. Kc7 g2 62.
Rg8+ Kf3 63. c6 h3 64. d7 h2 65. Kc8 g1=Q 66. Rxg1 hxg1=Q 67. c7 Qa7 68. Kd8 Qa8+ 69.
c8=Q Qa5+ 70. Qc7 Qg5+ 71. Kc8 Rc1 72. d8=Q Rxc7+ 73. Qxc7 Qf5+ 74. Qd7 Qc2+ 75. Qc7 Qf5+ 76. Qd7 Qf8+ 77. Kc7 Qc5+ 78. Qc6+ Qxc6+ 79. Kxc6 1/2-1/2

[Event "Late-Titled-Tuesday-Blitz-February-20-2024"]
[Site "Chess.com"]
[Date "2024.02.20"]
[Round "3"]
[White "alexrustemov"]
[Black "WindWhistler11"]
[Result "0-1"]
[WhiteElo "2868"]
[BlackElo "2497"]
[TimeControl "180+1"]
[EndTime "14:28:28 PST"]
[Termination "WindWhistler11 won on time"]

1. d4 Nf6 2. c4 c5 3. d5 e6 4. Nc3 exd5 5. cxd5 Bd6 6. e4 O-O 7. Nf3 Re8 8. Bg5 h6 9. Bh4 a6 10. Bd3 Bf8 11. a4 d6 12. Nd2 Nbd7 13. O-O Ne5 14. Be2 Ng6 15. Bg3 Rb8 16. Qc2 Bg4 17. f3 Bd7 18. a5 Nh5 19. Bf2 Nhf4 20. Bg3 Be7 21. Rfe1 Bf6 22. Bf1 h5 23. Bf2 h4 24.
Nc4 Bb5 25. Nxb5 axb5 26. Ne3 c4 27. Ng4 Be5 28. a6 bxa6 29. Rxa6 Ra8 30. Rea1 Rxa6 31. Rxa6 Qd7 32. Ra7 Qc8 33. g3 hxg3 34. hxg3 Nh5 35.
Kg2 Rf8 36. Ne3 Qd8 37. Nf5 Qg5 38. Be3 Ngf4+ 39. Kf2 Nxg3 40. Nxg3 Nh3+ 41. Bxh3 Qxg3+ 42. Ke2 Qxh3 43. Bf2 Qg2 44. Qd2 f5 45. exf5 Rxf5 46. Qe3 Rf8 47. Rb7 Qg6 48. Qe4 Qxe4+ 49. fxe4 Bxb2 50.
Rxb5 c3 51. Bd4 Rc8 52. Kd3 Ba1 53. Rb1 c2 54. Rc1 Bxd4 55. Kxd4 Kf7 56. e5 dxe5+ 57. Kxe5 Ke7 58. d6+ Kd7 59. Kd5 Rc6 60. Ke5 Rc5+ 61. Kd4 Kxd6 62. Kd3 Kd5 63. Kd2 Kd4 64. Rg1 c1=Q+ 65.
Rxc1 Rxc1 66. Kxc1 Ke3 67. Kd1 Kf2 0-1

[Event "Late-Titled-Tuesday-Blitz-February-20-2024"]
[Site "Chess.com"]
[Date "2024.02.20"]
[Round "3"]
[White "ckgchess"]
[Black "Pawngobblerx2000"]
[Result "1-0"]
[WhiteElo "2880"]
[BlackElo "2474"]
[TimeControl "180+1"]
[EndTime "14:28:28 PST"]
[Termination "ckgchess won by resignation"]

1. e4 c5 2. c3 Nf6 3. e5 Nd5 4. d4 cxd4 5. Bc4 e6 6. Nf3 d6 7. cxd4 Nc6 8. O-O Be7 9. Qe2 O-O 10. Rd1 Qb6 11. Bxd5 exd5 12. Nc3 Be6 13. Bf4 dxe5 14. Bxe5 Rfe8 15. h3 Rad8 16. Rac1 Bf8 17. Qc2 Nxe5 18.
Nxe5 Rc8 19. Qd2 g6 20. Ng4 Bg7 21. Ne3 Qd6 22. Qd3 a6 23. Na4 Rxc1 24. Rxc1 Rc8 25. Rd1 Qc6 26. Nc3 b5 27. a3 Qd6 28. Qe2 Bh6 29.
Qf3 Rd8 30. Ng4 Bxg4 31. hxg4 Qf4 32. Qe2 Bf8 33. g3 Qg5 34. Qf3 h5 35. gxh5 gxh5 36. Re1 Bg7 37. Ne2 h4 38. Kg2 hxg3 39. Nxg3 Bxd4 40. Rh1 Bg7 41. Rh5 Qg6 42. Rh4 d4 43. Rg4 Qh7 44. Nh5 d3 45. Nf6+ Kh8 46. Nxh7 d2 47. Qd1 Kxh7 48. Re4 Bh6 49. Re2 Kg7 50. Kf3 Kf6 51. Kg2 Bf4 52. Re4 Kg5 53. Kh3 f5 54. Rxf4 Kxf4 55. Kg2 Ke4 56. Qe2+ Kf4 57. Qe3+ Kg4 58.
Qg3+ Kh5 59. Qf3+ Kg5 60. Qd1 Kf4 61. Kf1 Rd5 62. Ke2 Re5+ 63. Kd3 Rd5+ 64. Kc2 Rc5+ 65. Kd3 Rd5+ 66. Kc3 Rc5+ 67. Kd4 Rc4+ 68. Kd3 Rc6 69. Qxd2+ Ke5 70. Qe3+ Kf6 71. Qh6+ 1-0

[Event "Late-Titled-Tuesday-Blitz-February-20-2024"]
[Site "Chess.com"]
[Date "2024.02.20"]
[Round "3"]
[White "gmtalentoso"]
[Black "K_A_S_T_O_R"]
[Result "1/2-1/2"]
[WhiteElo "2478"]
[BlackElo "2787"]
[TimeControl "180+1"]
[EndTime "14:28:28 PST"]
[Termination "Game drawn - insufficient material"]

1. e4 c5 2. Nf3 d6 3. Bb5+ Nc6 4. O-O Bd7 5. Re1 Nf6 6. c3 a6 7. Bf1 Bg4 8. h3 Bxf3 9. Qxf3 g6 10. d3 Bg7 11. Be3 Nd7 12. Nd2 O-O 13. Qd1 b5 14. Nf3 b4 15. d4 bxc3 16. bxc3 Qa5 17. Qc2 cxd4 18. cxd4 Rfc8 19. Qe2 d5 20. e5 e6 21. a3 Nb6 22. Bg5 Qa4 23. Red1 Nd7 24. h4 Na5 25. h5 Rc2 26. Qe3 Nc4 27. Qf4 Rc3 28. Bxc4 Qxc4 29.
Be7 Re8 30. Bd6 Qe2 31. h6 Bh8 32. Ng5 f6 33. exf6 Bxf6 34. Re1 Bxg5 35. Qxg5 Qh5 36. Qxh5 gxh5 37. Rec1 Rc4 38. Rxc4 dxc4 39. Rc1 Rc8 40. Bc5 e5 41. Rxc4 exd4 42. Rxd4 Nxc5 43. Rd5 Ne6 44. Rxh5 Rc5 45. Rh4 Kf7 46. Ra4 a5 47. f3 Kg6 48.
g4 Kxh6 49. Kf2 Kg5 50. Kg3 h6 51. Re4 Kf6 52. a4 Rd5 53. f4 Rd3+ 54. Kh4 Rd4 55. Re5 Rxa4 56. Rh5 Nxf4 57. Rxh6+ Ng6+ 58. Kh5 Ra1 59. Rxg6+ Ke5 60. Ra6 a4 61. Kg6 Kf4 62. g5 a3 63. Kf6 Ke4 64. g6 Rf1+ 65. Kg7 Rf3 66. Kg8 Kd4 67. g7 Kc4 68. Rxa3 Rxa3 69. Kh8 Rh3+ 70.
Kg8 Kd5 71. Kf7 Rf3+ 72. Kg6 Rg3+ 73. Kf7 Ke5 74. g8=Q Rxg8 75. Kxg8 1/2-1/2

[Event "Late-Titled-Tuesday-Blitz-February-20-2024"]
[Site "Chess.com"]
[Date "2024.02.20"]
[Round "3"]
[White "Mikasinski"]
[Black "jcibarra"]
[Result "1-0"]
[WhiteElo "2672"]
[BlackElo "2919"]
[TimeControl "180+1"]
[EndTime "14:28:29 PST"]
[Termination "Mikasinski won on time"]

1. e4 c5 2. c3 Nf6 3. e5 Nd5 4. Nf3 Nc6 5. d4 cxd4 6. Bc4 Nb6 7. Bb3 g6 8. O-O Bg7 9. cxd4 O-O 10. Nc3 d6 11.
exd6 Qxd6 12. d5 Na5 13. Bc2 Rd8 14. Qe2 Bg4 15. h3 Bxf3 16. Qxf3 Nxd5 17. Rd1 e6 18.
Ne4 Qc6 19. Qe2 Rac8 20. Bb1 Qxc1 21. Rxc1 Rxc1+ 22. Kh2 Nc4 23. Bd3 Nf4 24. Rxc1 Nxe2 25. Bxe2 Nxb2 26. g3 f5 27. Ng5 Bf6 28. Nxe6 Rd2 29.
Re1 Kf7 30. Nc5 Rc2 31. Nb3 Bc3 32. Rc1 Rxe2 33. Rxc3 Na4 34. Rc7+ Re7 35. Rc4 b5 36. Rc2 b4 37. Na5 Nc3 38. Nc6 Rb7 39. Nd8+ Ke7 40. Nxb7 Ke6 41. a3 Nd5 42. axb4 Nxb4 43. Rc4 Nd3 44. Kg2 Kd5 45. Ra4 Kc6 46. Nd8+ Kb6 47. Ne6 Ne5 48. Nf8 h6 49. f4 Nc6 50. Nxg6 Kb5 51.
Ra1 a5 52. Nh4 Nd4 53. g4 fxg4 54. hxg4 a4 55. g5 hxg5 56. fxg5 Ne6 57. g6 Kb4 58. Kf3 a3 59. Ke4 Kb3 60. Ke5 Ng7 61. Kf6 Nh5+ 62. Kg5 Ng7 63. Nf5 Ne6+ 64. Kf6 Nf4 65.
Nd4+ Kb2 66. Rf1 a2 67. Rf2+ Ka3 68. Nc2+ Kb2 69. Rxf4 a1=Q 70. Nxa1 1-0

[Event "Late-Titled-Tuesday-Blitz-February-20-2024"]
[Site "Chess.com"]
[Date "2024.02.20"]
[Round "3"]
[White "Atanejhad"]
[Black "nindjaxx8"]
[Result "0-1"]
[WhiteElo "2429"]
[BlackElo "2643"]
[TimeControl "180+1"]
[EndTime "14:28:29 PST"]
[Termination "nindjaxx8 won by resignation"]

1. d4 d5 2. c4 e6 3. Nc3 Nf6 4. Bg5 Be7 5. e3 O-O 6. Nf3 h6 7. Bh4 b6 8. Bd3 dxc4 9. Bxc4 Bb7 10. O-O Nbd7 11. Qe2 c5 12. Rfd1 cxd4 13. Nxd4 Bc5 14. Nb3 Qe7 15. Nxc5 Qxc5 16. Bb3 Rad8 17. Rac1 Qb4 18.
Rd4 Qe7 19. Rcd1 Nc5 20. Bc2 e5 21. Rxd8 Rxd8 22. Rxd8+ Qxd8 23. Qd1 Qe7 24. h3 a6 25. b4 Ne6 26. a3 Qc7 27. Ne2 Qc6 28. f3 Nd5 29.
Bf2 g6 30. Be4 Qc4 31. Qd3 Qa2 32. Kh2 Kg7 33. Be1 b5 34. Bxd5 Qxd5 35. Qxd5 Bxd5 36. Bc3 f6 37. Kg1 Bc4 38. Kf2 Bxe2 39. Kxe2 Kf7 40. e4 Nc7 41. g4 Ke6 42. Kd3 Na8 43. Bd2 h5 44. Be3 Nc7 45. Bc5 Kd7 46. Kc3 Ne6 47. Be3 h4 48. Kd3 g5 49. Kc3 Kd6 50. Kd3 Kc6 51. Kc3 Nd8 52. Kb3 Nb7 53. Kc3 Nd6 54.
Bc5 Ne8 55. Be7 Kd7 56. Bc5 Nc7 57. Kb3 Ne6 58. Be3 Nd4+ 59. Bxd4 exd4 60. Kc2 Kd6 61.
Kd2 Ke5 62. Kd3 Kf4 63. Kxd4 Kxf3 64. e5 fxe5+ 65. Kxe5 Kg3 66. Kf5 Kxh3 67. Kxg5 Kg3 68. Kf5 h3 69. g5 h2 70. g6 h1=Q 71. g7 Qd5+ 72. Kf6 Qg8 73. Ke7 Kf3 0-1

[Event "Late-Titled-Tuesday-Blitz-February-20-2024"]
[Site "Chess.com"]
[Date "2024.02.20"]
[Round "3"]
[White "Fh2411"]
[Black "emeli_chess"]
[Result "1/2-1/2"]
[WhiteElo "2606"]
[BlackElo "2423"]
[TimeControl "180+1"]
[EndTime "14:28:29 PST"]
[Termination "Game drawn by repetition"]

1. d4 Nf6 2. Nf3 d5 3. Bf4 c5 4. e3 Nc6 5. Nbd2 cxd4 6. exd4 Bg4 7. c3 e6 8. Qb3 Qc8 9. h3 Bxf3 10. Nxf3 Be7 11.
Bd3 O-O 12. O-O h6 13. Rfe1 a6 14. Qd1 Qd7 15. Ne5 Nxe5 16. dxe5 Nh7 17. Qg4 Bg5 18. Bxh7+ Kxh7 19. Bxg5 hxg5 20. Qxg5 Rac8 21. Rad1 Rc4 22. Rd3 Qd8 23. Qh5+ Kg8 24. Ree3 Qh4 25. Qd1 Rfc8 26. Rg3 Re4 27. Kh2 Rxe5 28. Rdf3 Rg5 29. Qb3 b5 30. Qa3 Rxg3 31. fxg3 Qc4 32. Qxa6 Qc6 33. Qa7 Rc7 34. Qb8+ Rc8 35. Qf4 Qd7 36. a3 Rc4 37. Qb8+ Kh7 38. Qf8 f6 39. h4 e5 40. Qa8 d4 41. Qe4+ Kg8 42. Rd3 Qd6 43. Qa8+ Kh7 44. Qe8 Rc5 45. Qh5+ Kg8 46. Qe8+ Kh7 47. cxd4 exd4 48.
Qe4+ Kg8 49. Rxd4 Qc7 50. Qe8+ Kh7 51. Rd8 Re5 52. Qg8+ Kg6 53. Rd3 Qc4 54. Qxc4 bxc4 55. Rc3 Re2 56. Rxc4 Rxb2 57. g4 Ra2 58. a4 Ra3 59. g3 Ra2+ 60. Kh3 Ra3 61. Rb4 Kh6 62. Kg2 Kg6 63. Kh3 Kh6 64. Rc4 Kg6 65. Rf4 Kh6 66. Rc4 Kg6 1/2-1/2